 Dungeon Crawl Stone Soup version 0.28-a0-1447-ga5a8893891 (webtiles) character file.

Game seed: 12647988379999425383

12280 gimp the Severer (level 11, -5/102 HPs)
             Began as a Hill Orc Fighter on Jan 10, 2022.
             Was a High Priest of Okawaru.
             Slain by a centaur warrior (8 damage)
             ... on level 10 of the Dungeon.
             The game lasted 00:14:38 (14955 turns).

gimp the Severer (Hill Orc Fighter)                Turns: 14955, Time: 00:14:39

Health: -5/102     AC: 16    Str: 22    XL:     11   Next: 90%
Magic:  18/18      EV:  6    Int:  8    God:    Okawaru [*****.]
Gold:   428        SH:  4    Dex: 12    Spells: 10/10 levels left

rFire   . . .      SeeInvis .   a - +0 broad axe
rCold   . . .      Faith    .   c - +0 buckler
rNeg    . . .      Spirit   .   w - +0 plate armour
rPois   +          Reflect  .   y - +0 helmet
rElec   .          Harm     .   z - +0 cloak {rPois}
rCorr   .          Rampage  .   f - +0 pair of gloves
Will    .....                   (no boots)
Stlth   ..........              (no amulet)
HPRegen 0.27/turn               (no ring)
MPRegen 0.16/turn               (no ring)

@: spiked
A: no striking features
a: Renounce Religion, Heroism, Finesse, Duel


You were on level 10 of the Dungeon.
You worshipped Okawaru.
Okawaru was extremely pleased with you.
You visited 2 branches of the dungeon, and saw 11 of its levels.

You collected 578 gold pieces.
You spent 150 gold pieces at shops.

Inventory:

Hand Weapons
 a - a +0 broad axe (weapon)
Missiles
 p - 3 javelins
 x - 10 poisoned darts (quivered)
 D - a curare-tipped dart
Armour
 c - a +0 buckler (worn)
 f - a +0 pair of gloves (worn)
 w - a +0 plate armour (worn)
 y - a +0 helmet (worn)
 z - a +0 cloak of poison resistance (worn)
Wands
 e - a wand of iceblast (18)
 i - a wand of flame (6)
 v - a wand of mindburst (18)
 B - a wand of paralysis (9)
Scrolls
 h - 6 scrolls of fear {unknown}
 j - a scroll of fog
 k - a scroll of enchant weapon
 m - 2 scrolls of vulnerability
 o - 2 scrolls of teleportation {unknown}
 q - 2 scrolls of magic mapping {unknown}
 r - a scroll of torment {unknown}
 A - 2 scrolls of immolation
 F - a scroll of enchant armour
Potions
 b - a potion of ambrosia
 d - a potion of resistance
 g - 2 potions of attraction
 l - a potion of degeneration
 n - a potion of mutation {unknown}
 s - a potion of invisibility {unknown}
 t - a potion of flight {unknown}
 u - a potion of lignification {unknown}
 E - a potion of cancellation {unknown}
 G - a potion of haste


   Skills:
 - Level 11.0 Fighting
 * Level 17.8 Axes
 + Level 6.1 Armour
 - Level 3.2 Shields
 + Level 10.0 Invocations


You had 10 spell levels left.
You didn't know any spells.
Your spell library contained the following spells:

 Spells                   Type           Power      Damage    Failure   Level
 Sting                    Tmut/Pois      0%         1d3       100%        1
 Corpse Rot               Necr/Air       0%         N/A       100%        2
 Ensorcelled Hibernation  Hex/Ice        0%         N/A       100%        2
 Poisonous Vapours        Pois/Air       0%         N/A       100%        2
 Spider Form              Tmut/Pois      0%         N/A       100%        3
 Anguish                  Hex/Necr       0%         N/A       100%        4
 Dispel Undead            Necr           0%         3d6       100%        4
 Olgreb's Toxic Radiance  Pois           0%         N/A       100%        4
 Death Channel            Necr           Unusable   N/A       N/A         6

Dungeon Overview and Level Annotations

Branches:
Dungeon (10/15)            Temple (1/1) D:6            Lair (0/6) D:8
    Orc: D:9-12

Altars:
Ashenzari
Cheibriados
Dithmenos
Elyvilon
Fedhas
Gozag
Hepliaklqana
Kikubaaqudgha
Makhleb
Nemelex Xobeh
Okawaru
Qazlal
Ru
Sif Muna
Trog
Uskayaw
Vehumet
Wu Jian
Xom
Yredelemnul
Zin
The Shining One

Shops:
D:2 [

Annotations:
D:4 1 runed translucent door, Crazy Yiuf


Message History

* * * LOW HITPOINT WARNING * * *
You take 2 damage, and have 22/102 hp.
The manticore flicks its tail.
The volley of spikes hits you but does no damage.
You slice the manticore!!
The manticore is severely wounded.
The manticore barely misses you.
The manticore claws you but does no damage. x2
You slash the manticore!
The manticore is almost dead.
You feel like a meek peon again.
You slash the manticore!
You kill the manticore!
Okawaru is honoured by your kill.
The centaur warrior shoots an arrow.
The arrow hits you.
* * * LOW HITPOINT WARNING * * *
The centaur warrior shoots an arrow.
The arrow hits you!
* * * LOW HITPOINT WARNING * * *
Your Invocations skill increases to level 10!
You take 7 damage, and have 16/102 hp.
The barbs in your skin will harm you if you move.
Continue?
The barbed spikes dig painfully into your body as you move.
* * * LOW HITPOINT WARNING * * *
The centaur warrior unwields a +0 longbow.
The centaur warrior wields a +0 long sword.
The centaur warrior hits you but does no damage.
The centaur warrior kicks you.
* * * LOW HITPOINT WARNING * * *
You see here an ugly thing corpse.
You take 10 damage, and have 6/102 hp.
You slash the centaur warrior!
The centaur warrior is moderately wounded.
The centaur warrior hits you with a +0 long sword.
* * * LOW HITPOINT WARNING * * *
The centaur warrior kicks you but does no damage.
You take 3 damage, and have 3/102 hp.
You hit the centaur warrior.
The centaur warrior is moderately wounded.
The centaur warrior hits you with a +0 long sword!
You die...

#)....# #.# #.# #..#..# #.#
#.# #..#..# #.# #.# #..#..#
#.# #.# #####..#..# #.###.#
##!..##....# #.....#
#.#...##...# #.....#
.....#.#.#.#####.....#
#/.cH.#.c@....##..####...
.#.....###.####..##.........
#...#.# #.# #..##..####...
##..(# #.# #..##..# #### #.#
#..##..# #..##.# #..##..#
#..##.# #..##..# #..##.#
#......# ####..##.#
#......####.


You could see a centaur warrior.

Vanquished Creatures
  Erica (D:7)
  3 two-headed ogres
  Pikel (D:6)
  A deep elf pyromancer (D:8)
  3 ugly things
  A manticore (D:10)
  A guardian serpent (shapeshifter) (D:8)
  An unseen horror (D:5)
  A komodo dragon (D:8)
  A meliai (D:10)
  A troll (D:10)
  A hornet (D:7)
  A shadow (D:9)
  Sigmund (D:5)
  4 wyverns
  6 yaks
  A steam dragon (D:8)
  Duvessa (D:7)
  A water moccasin (D:6)
  4 orc warriors
  A sky beast (D:7)
  3 black bears
  2 ogres
  4 centaurs
  A phantom (D:5)
  2 kobold brigands
  7 scorpions
  3 bullfrogs
  2 wyvern zombies
  Dowan (D:7)
  8 killer bees (D:9)
  A water moccasin skeleton (D:5)
  3 centaur zombies
  2 bullfrog zombies (D:5)
  2 hounds (D:4)
  2 jellies
  5 orc priests
  2 bullfrog skeletons (D:5)
  A gnoll shaman (D:8)
  Natasha (D:4)
  A scorpion zombie (D:5)
  2 iguanas (D:6)
  4 orc wizards
  A killer bee zombie (D:5)
  2 howler monkey zombies
  3 gnolls (D:8)
  A howler monkey skeleton (D:4)
  9 adders
  A white imp (D:5)
  An ufetubus (D:6)
  An adder skeleton (D:4)
  2 worms
  4 dart slugs
  23 orcs
  11 ball pythons
  6 endoplasms (D:4)
  7 giant cockroaches
  7 goblins
  10 hobgoblins
  15 jackals
  5 quokkas
  6 bats
  3 frilled lizards
  15 kobolds
  2 rats
230 creatures vanquished.

Vanquished Creatures (others)
  8 fungi (D:8)
  11 plants
19 creatures vanquished.

Grand Total: 249 creatures vanquished

Notes
Turn   | Place    | Note
-------+----------+-------------------------------------------
     0 | D:1      | gimp the Hill Orc Fighter began the quest for the Orb.
     0 | D:1      | Reached XP level 1. HP: 19/19 MP: 1/1
    66 | D:1      | Reached skill level 3 in Axes
   237 | D:1      | Found a faded altar of an unknown god.
   266 | D:1      | Reached XP level 2. HP: 27/27 MP: 2/2
   817 | D:2      | Reached skill level 4 in Axes
   893 | D:2      | Reached XP level 3. HP: 33/33 MP: 3/3
  1373 | D:2      | Reached XP level 4. HP: 34/41 MP: 4/4
  1455 | D:2      | Reached skill level 5 in Axes
  1511 | D:2      | Found Xofox's Antique Armour Shop.
  2036 | D:3      | Found a sparkling altar of Nemelex Xobeh.
  2309 | D:3      | Reached XP level 5. HP: 47/47 MP: 5/5
  2790 | D:3      | Noticed a kobold brigand
  2998 | D:4      | Reached skill level 5 in Fighting
  2998 | D:4      | Reached skill level 6 in Axes
  3130 | D:4      | Reached skill level 7 in Axes
  3130 | D:4      | Reached XP level 6. HP: 24/56 MP: 6/6
  3813 | D:4      | Found a burning altar of Makhleb.
  3832 | D:4      | Noticed Natasha
  3846 | D:4      | Killed Natasha
  4107 | D:4      | Found a runed translucent door.
  4108 | D:4      | Noticed Crazy Yiuf
  4430 | D:5      | Entered Level 5 of the Dungeon
  4448 | D:5      | Reached skill level 8 in Axes
  4448 | D:5      | Reached XP level 7. HP: 57/63 MP: 7/7
  4954 | D:5      | Noticed Sigmund
  4962 | D:5      | Killed Sigmund
  4963 | D:5      | Reached skill level 9 in Axes
  5078 | D:5      | Found a glowing golden altar of the Shining One.
  5152 | D:5      | Killed an unseen horror
  5153 | D:5      | Reached skill level 10 in Axes
  5153 | D:5      | Reached XP level 8. HP: 8/73 MP: 8/8
  5724 | D:5      | Reached skill level 11 in Axes
  6374 | D:6      | Found a staircase to the Ecumenical Temple.
  6394 | Temple   | Entered the Ecumenical Temple
  6481 | Temple   | Became a worshipper of Warmaster Okawaru
  6592 | D:6      | Reached skill level 12 in Axes
  6592 | D:6      | Reached skill level 1 in Invocations
  6592 | D:6      | Reached XP level 9. HP: 55/82 MP: 9/9
  7492 | D:6      | Reached * piety under Okawaru
  7871 | D:6      | Found a broken altar of Ashenzari.
  8029 | D:7      | Noticed Duvessa
  8032 | D:7      | Noticed Dowan
  8060 | D:7      | Killed Duvessa
  8061 | D:7      | Reached skill level 13 in Axes
  8218 | D:7      | Killed Dowan
  8902 | D:2      | Bought a glowing cloak for 150 gold pieces
  9445 | D:7      | Found an ornate altar of the Wu Jian Council.
  9457 | D:7      | Found a shimmering altar of Xom.
  9710 | D:7      | Found a hazy altar of Hepliaklqana.
  9786 | D:7      | Reached skill level 5 in Invocations
  9879 | D:7      | Reached skill level 14 in Axes
  9879 | D:7      | Reached XP level 10. HP: 93/93 MP: 12/14
 10124 | D:8      | Noticed a two-headed ogre
 10130 | D:8      | Reached skill level 10 in Fighting
 10309 | D:8      | Noticed Erica
 10309 | D:8      | Noticed Pikel
 10346 | D:6      | Killed Pikel
 10346 | D:6      | Reached ** piety under Okawaru
 10705 | D:7      | Killed Erica
 10829 | D:7      | Reached skill level 15 in Axes
 11494 | D:8      | Killed a two-headed ogre
 11494 | D:8      | Reached *** piety under Okawaru
 11644 | D:8      | Noticed a deep elf pyromancer
 11647 | D:8      | Noticed a salamander
 11648 | D:8      | Noticed a cane toad
 11648 | D:8      | a salamander changed into a cane toad
 11652 | D:8      | Killed a deep elf pyromancer
 11653 | D:8      | Reached skill level 16 in Axes
 11653 | D:8      | Reached XP level 11. HP: 60/102 MP: 15/17
 11662 | D:8      | Noticed a brown ugly thing
 11984 | D:8      | Noticed a brown ugly thing
 11992 | D:7      | Killed a brown ugly thing
 12082 | D:8      | Killed a brown ugly thing
 12082 | D:8      | Reached **** piety under Okawaru
 12487 | D:8      | Found a staircase to the Lair.
 12696 | D:8      | Found a sacrificial altar of Ru.
 13149 | D:9      | Found a stormy altar of Qazlal.
 13334 | D:9      | Reached skill level 5 in Armour
 13639 | D:9      | Found a hide-covered altar of Uskayaw.
 13692 | D:9      | Found a snail-covered altar of Cheibriados.
 13692 | D:9      | Found a blossoming altar of Fedhas.
 14035 | D:9      | Reached skill level 17 in Axes
 14195 | D:10     | Entered Level 10 of the Dungeon
 14263 | D:10     | Noticed a two-headed ogre
 14272 | D:10     | Killed a two-headed ogre
 14504 | D:10     | Noticed a two-headed ogre
 14517 | D:10     | Killed a two-headed ogre
 14920 | D:10     | Noticed a purple ugly thing
 14921 | D:10     | Noticed a manticore
 14923 | D:10     | Noticed a centaur warrior
 14946 | D:10     | Killed a purple ugly thing
 14946 | D:10     | Reached ***** piety under Okawaru
 14952 | D:10     | Killed a manticore
 14953 | D:10     | Reached skill level 10 in Invocations
 14954 | D:10     | HP: 3/102 [centaur warrior (3)]
 14955 | D:10     | Slain by a centaur warrior

Illustrated notes

Levels and vault maps discovered:
D:1:      dpeg_arrival_concentric_ovals, layout_basic,
          hellmonk_ecumenical_altar_leap_of_faith, serial_rivers,
          chequers_serial_rivers_room_b, chequers_serial_rivers_large_a,
          chequers_serial_rivers_room_b, chequers_serial_rivers_marsh,
          nicolae_figureground_sparkle
D:2:      minmay_chambers_of_twos, layout_basic, serial_shops, shop_statue
D:3:      cheibrodos_thug_alley, layout_loops_corners, lemuel_crystal_altar
D:4:      layout_basic, makhleb_heckhound_becter, uniq_crazy_yiuf_cottage,
          uniq_natasha
D:5:      layout_basic, tso_metal_star, minmay_tree_intersection,
          hangedman_decor_opposing, uniq_sigmund
D:6:      layout_basic, mainiacjoe_overflow_alcove_1,
          minmay_temple_entry_sparse_star
D:7:      layout_basic, kennysheep_little_box, amethyst_overflow_temple_binary,
          uniq_duvessa
D:8:      minmay_curly_fans, layout_cave_pools,
          nicolae_ru_great_annihilating_truth, grunt_lair_entry_orc_guard_hut,
          kennysheep_nondescript, minmay_door_square, uniq_erica, uniq_pikel
D:9:      hellmonk_destroyed_diamonds, layout_gridville,
          nicolae_uskayaw_dance_hall, mainiacjoe_overflow_boulevard,
          mainiacjoe_overflow_divided_tiny
D:10:     minmay_bloctagon_deflated, layout_long_grid
Temple:   zaba_magenta_temple

Skill      XL: |  1  2  3  4  5  6  7  8  9 10 11 |
---------------+----------------------------------+-----
Axes           | 3 4 5 7 8 10 12 14 16 17 | 17.8
Fighting       | 4 5 6 7 8 9 11 | 11.0
Invocations    | 1 5 8 10 | 10.0
Armour         | 6 |  6.1
Shields        | |  3.2

Action                   |  1- 3 |  4- 6 |  7- 9 | 10-12 || total
-------------------------+-------+-------+-------+-------++-------
Melee: War axe           |    86 |   185 |   300 |   146 ||   717
       Broad axe         |       |       |       |   109 ||   109
Invok: Heroism           |       |       |     1 |     8 ||     9
Evoke: Wand              |       |       |     7 |     4 ||    11
  Use: Potion            |       |       |     2 |    11 ||    13
       Scroll            |       |       |     5 |     4 ||     9
 Stab: Paralysed         |       |       |       |     1 ||     1
Armor: Scale mail        |     8 |       |       |       ||     8
       Chain mail        |    67 |    99 |    75 |       ||   241
       Plate armour      |       |       |    92 |   162 ||   254
Dodge: Dodged            |    34 |    66 |    74 |    75 ||   249
Block: Buckler           |    14 |    38 |    57 |    55 ||   164

Table legend: (Time is in decaauts)
 A = Elapsed time spent in this place.
 B = Non-inter-level travel time spent in this place.
 C = Inter-level travel time spent in this place.
 D = Time resting spent in this place.
 E = Time spent auto-exploring this place.
 F = Levels seen in this place.
 G = Mean time per level.
                   A        B        C        D        E       F      G
               +--------+--------+--------+--------+--------+-----+--------+
         Total |  15010 |  14212 |    798 |   1851 |  10441 |  11 | 1364.5 |
       Dungeon |  14908 |  14156 |    752 |   1851 |  10391 |  10 | 1490.8 |
        Temple |    102 |     56 |     46 |      0 |     50 |   1 |  102.0 |
               +--------+--------+--------+--------+--------+-----+--------+

Top non-repeatable levels by time:
     D:5: 2310 daAuts
     D:7: 2167 daAuts
     D:4: 1882 daAuts
     D:6: 1721 daAuts
     D:8: 1566 daAuts
     D:3: 1320 daAuts
     D:2: 1221 daAuts
     D:9: 1132 daAuts
     D:1: 838 daAuts
    D:10: 746 daAuts
  Temple: 102 daAuts
